[ PARTIDA AOE2 · #494448951 ]
UnrankedMongoles vs Burgundians
Equipo del jugador · VICT
Equipo rival · DERR
[ ANÁLISIS DE REPETICIÓN · EXTRAÍDO DE LA PARTIDA GRABADA ]
Feudal
10:23
Castillos
14:51
Imperial
40:54
| APM promedio | 55.8 |
| APM pico | 161 |
| eAPM promedio | 28.9 |
| Aldeanos / militares | 156 / 166 |
Foco
⚔️ 50.3% · 🌾 49.7%
Mangudai ×88 · Scout Cavalry ×51 · Trebuchet (Packed) ×7 · Monk ×5 · Knight ×5 · Mangonel ×5
Feudal
9:31
Castillos
20:42
Imperial
42:37
| APM promedio | 39.5 |
| APM pico | 91 |
| eAPM promedio | 24.3 |
| Aldeanos / militares | 164 / 196 |
Foco
⚔️ 33.8% · 🌾 66.2%
Skirmisher ×101 · Scout Cavalry ×55 · Flemish Militia ×19 · Coustillier ×5 · Militia ×4 · Scorpion ×4
Mapa de la partida
Recursos iniciales + cada clic de construcción. Líneas = muros · curvas = relieve. ◆ oro · ⬟ piedra · ● bayas · ✦ reliquia · ◌ hueco del cierre
Tu base· Abierta — hueco de 12t
Base de MooN | MooN· Abierta — hueco de 6t
Terreno inicial suavizado · ◌ = hueco del cierre detectado · pasá el cursor para detalles
Inputs por minuto
— 北冥有鲲 - - MooN | MooN
Build order — 北冥有鲲
Primeras 150 de 525 acciones detectadas
| 0:07 | Construir | Town Center |
| 1:08 | Crear | Villager (Male) |
| 1:09 | Crear | Villager (Male) |
| 1:09 | Crear | Villager (Male) |
| 1:09 | Crear | Villager (Male) |
| 1:09 | Crear | Villager (Male) |
| 1:48 | Construir | House |
| 2:01 | Crear | Villager (Male) |
| 2:38 | Construir | Lumber Camp |
| 2:48 | Crear | Villager (Male) |
| 2:49 | Crear | Villager (Male) |
| 3:05 | Crear | Villager (Male) |
| 3:05 | Crear | Villager (Male) |
| 3:06 | Crear | Villager (Male) |
| 3:14 | Construir | House |
| 3:24 | Crear | Villager (Male) |
| 3:42 | Crear | Villager (Male) |
| 3:42 | Crear | Villager (Male) |
| 3:59 | Crear | Villager (Male) |
| 3:59 | Crear | Villager (Male) |
| 4:17 | Construir | Mill |
| 4:58 | Construir | House |
| 5:02 | Crear | Villager (Male) |
| 5:02 | Crear | Villager (Male) |
| 5:09 | Construir | Mill |
| 5:47 | Crear | Villager (Male) |
| 5:47 | Crear | Villager (Male) |
| 6:37 | Construir | Mining Camp |
| 7:26 | Construir | Mining Camp |
| 7:39 | Crear | Villager (Male) |
| 8:04 | Investigar | Feudal Age |
| 8:27 | Crear | Villager (Male) |
| 8:42 | Construir | Palisade Gate |
| 9:29 | Construir | Palisade Wall |
| 9:32 | Construir | Palisade Wall |
| 9:42 | Construir | Palisade Wall |
| 9:58 | Investigar | Loom |
| 10:23 | Edad | Edad Feudal |
| 10:26 | Construir | Market |
| 10:35 | Construir | Blacksmith |
| 10:38 | Investigar | Town Watch |
| 11:04 | Crear | Villager (Male) |
| 11:30 | Construir | Market |
| 11:36 | Crear | Villager (Male) |
| 12:02 | Construir | House |
| 12:11 | Investigar | Castle Age |
| 12:11 | Investigar | Castle Age |
| 12:14 | Investigar | Double-Bit Axe |
| 12:14 | Investigar | Double-Bit Axe |
| 12:55 | Construir | Watch Tower |
| 13:48 | Crear | Villager (Male) |
| 13:56 | Construir | Barracks |
| 14:41 | Construir | Stable |
| 14:51 | Edad | Edad de los Castillos |
| 14:56 | Crear | Villager (Male) |
| 15:26 | Crear | Knight |
| 15:26 | Crear | Knight |
| 15:28 | Crear | Villager (Male) |
| 15:32 | Construir | House |
| 15:59 | Construir | House |
| 16:05 | Crear | Villager (Male) |
| 16:22 | Investigar | Horse Collar |
| 16:23 | Investigar | Horse Collar |
| 16:34 | Construir | Farm |
| 16:36 | Construir | Farm |
| 16:40 | Construir | Farm |
| 16:44 | Crear | Villager (Male) |
| 16:47 | Construir | Farm |
| 16:56 | Construir | Farm |
| 17:02 | Crear | Knight |
| 17:04 | Crear | Villager (Male) |
| 17:04 | Crear | Villager (Male) |
| 17:24 | Construir | Palisade Wall |
| 17:30 | Crear | Knight |
| 17:50 | Construir | Monastery |
| 17:52 | Crear | Villager (Male) |
| 17:52 | Crear | Villager (Male) |
| 18:04 | Crear | Villager (Male) |
| 18:18 | Crear | Monk |
| 18:33 | Crear | Villager (Male) |
| 18:35 | Construir | Farm |
| 18:39 | Construir | Town Center |
| 19:17 | Construir | Town Center |
| 19:21 | Construir | House |
| 19:25 | Crear | Knight |
| 19:28 | Investigar | Wheelbarrow |
| 19:52 | Crear | Villager (Male) |
| 19:52 | Crear | Villager (Male) |
| 20:19 | Crear | Villager (Male) |
| 20:34 | Construir | House |
| 20:36 | Construir | Farm |
| 20:37 | Construir | Farm |
| 20:46 | Construir | Farm |
| 21:18 | Crear | Villager (Male) |
| 21:22 | Investigar | Scale Barding Armor |
| 21:22 | Investigar | Scale Barding Armor |
| 21:26 | Crear | Villager (Male) |
| 21:27 | Crear | Villager (Male) |
| 21:29 | Construir | Farm |
| 21:46 | Crear | Monk |
| 22:00 | Construir | Siege Workshop |
| 22:09 | Crear | Villager (Male) |
| 22:10 | Crear | Villager (Male) |
| 22:17 | Construir | Farm |
| 22:27 | Crear | Villager (Male) |
| 22:27 | Crear | Villager (Male) |
| 22:41 | Crear | Villager (Male) |
| 22:41 | Crear | Villager (Male) |
| 22:45 | Crear | Mangonel |
| 23:01 | Crear | Villager (Male) |
| 23:02 | Crear | Villager (Male) |
| 23:03 | Crear | Villager (Male) |
| 23:09 | Construir | Mining Camp |
| 23:16 | Crear | Villager (Male) |
| 23:22 | Crear | Villager (Male) |
| 23:37 | Construir | Lumber Camp |
| 23:40 | Construir | Farm |
| 23:42 | Construir | Farm |
| 23:43 | Construir | Farm |
| 23:49 | Crear | Villager (Male) |
| 23:49 | Crear | Villager (Male) |
| 23:52 | Crear | Mangonel |
| 23:52 | Crear | Mangonel |
| 23:55 | Crear | Villager (Male) |
| 24:11 | Crear | Villager (Male) |
| 24:11 | Crear | Villager (Male) |
| 24:37 | Crear | Villager (Male) |
| 24:37 | Crear | Villager (Male) |
| 24:38 | Crear | Villager (Male) |
| 24:48 | Crear | Mangonel |
| 24:49 | Crear | Villager (Male) |
| 24:50 | Crear | Villager (Male) |
| 24:52 | Construir | House |
| 24:53 | Construir | House |
| 25:21 | Crear | Villager (Male) |
| 25:21 | Crear | Villager (Male) |
| 25:22 | Crear | Villager (Male) |
| 25:22 | Crear | Villager (Male) |
| 25:28 | Crear | Monk |
| 25:44 | Crear | Villager (Male) |
| 25:44 | Crear | Villager (Male) |
| 25:44 | Crear | Villager (Male) |
| 26:02 | Crear | Villager (Male) |
| 26:02 | Crear | Villager (Male) |
| 26:06 | Crear | Villager (Male) |
| 26:06 | Crear | Villager (Male) |
| 26:40 | Construir | Castle |
| 26:43 | Crear | Mangonel |
| 26:51 | Crear | Villager (Male) |
| 26:51 | Crear | Villager (Male) |
Build order — MooN | MooN
Primeras 150 de 481 acciones detectadas
| 0:12 | Construir | Town Center |
| 1:14 | Crear | Villager (Male) |
| 1:14 | Crear | Villager (Male) |
| 1:15 | Crear | Villager (Male) |
| 1:15 | Crear | Villager (Male) |
| 1:16 | Crear | Villager (Male) |
| 2:00 | Crear | Villager (Male) |
| 2:01 | Crear | Villager (Male) |
| 2:10 | Construir | Lumber Camp |
| 2:55 | Investigar | Double-Bit Axe |
| 3:16 | Crear | Villager (Male) |
| 3:16 | Crear | Villager (Male) |
| 3:20 | Crear | Villager (Male) |
| 3:29 | Crear | Villager (Male) |
| 3:30 | Crear | Villager (Male) |
| 3:30 | Crear | Villager (Male) |
| 3:31 | Crear | Villager (Male) |
| 3:48 | Construir | House |
| 4:24 | Crear | Villager (Male) |
| 4:39 | Crear | Villager (Male) |
| 4:55 | Construir | Mill |
| 5:24 | Crear | Villager (Male) |
| 5:44 | Crear | Villager (Male) |
| 6:09 | Crear | Villager (Male) |
| 6:15 | Investigar | Loom |
| 6:34 | Construir | Barracks |
| 7:21 | Investigar | Feudal Age |
| 7:36 | Construir | Mining Camp |
| 7:45 | Construir | House |
| 8:00 | Crear | Militia |
| 8:00 | Crear | Militia |
| 8:23 | Crear | Militia |
| 8:44 | Crear | Militia |
| 9:03 | Crear | Villager (Male) |
| 9:31 | Edad | Edad Feudal |
| 9:41 | Investigar | Man-at-Arms (upgrade) |
| 9:51 | Construir | House |
| 9:57 | Crear | Villager (Male) |
| 10:17 | Crear | Villager (Male) |
| 10:23 | Construir | Mill |
| 10:31 | Construir | Mill |
| 10:31 | Crear | Villager (Male) |
| 11:01 | Crear | Villager (Male) |
| 11:39 | Construir | House |
| 11:53 | Crear | Villager (Male) |
| 11:54 | Crear | Villager (Male) |
| 12:01 | Construir | Archery Range |
| 12:13 | Construir | Watch Tower |
| 12:16 | Crear | Villager (Male) |
| 12:20 | Construir | Mining Camp |
| 12:37 | Crear | Villager (Male) |
| 12:52 | Investigar | Stone Mining |
| 12:57 | Crear | Villager (Male) |
| 12:57 | Crear | Villager (Male) |
| 13:07 | Construir | Mill |
| 13:35 | Crear | Villager (Male) |
| 13:41 | Construir | Blacksmith |
| 13:55 | Crear | Villager (Male) |
| 14:31 | Construir | Watch Tower |
| 14:33 | Crear | Villager (Male) |
| 14:36 | Construir | House |
| 14:39 | Construir | House |
| 14:51 | Crear | Villager (Male) |
| 15:33 | Crear | Flemish Militia |
| 15:34 | Crear | Flemish Militia |
| 15:46 | Construir | Watch Tower |
| 15:47 | Investigar | Fletching |
| 16:11 | Crear | Villager (Male) |
| 16:12 | Crear | Villager (Male) |
| 16:15 | Construir | Palisade Wall |
| 16:16 | Construir | Palisade Wall |
| 16:41 | Construir | Watch Tower |
| 16:53 | Crear | Spearman |
| 16:53 | Crear | Spearman |
| 17:28 | Construir | Market |
| 18:02 | Investigar | Castle Age |
| 18:03 | Investigar | Castle Age |
| 18:12 | Construir | Barracks |
| 18:26 | Investigar | Scale Mail Armor |
| 18:44 | Construir | Palisade Wall |
| 18:48 | Construir | Palisade Wall |
| 19:05 | Construir | Farm |
| 19:31 | Construir | Watch Tower |
| 19:35 | Construir | Palisade Wall |
| 19:38 | Construir | Palisade Wall |
| 19:46 | Construir | Palisade Wall |
| 19:47 | Construir | Palisade Wall |
| 19:49 | Construir | Palisade Wall |
| 19:59 | Crear | Villager (Male) |
| 20:03 | Construir | Farm |
| 20:04 | Construir | Farm |
| 20:06 | Crear | Flemish Militia |
| 20:06 | Crear | Flemish Militia |
| 20:13 | Construir | Palisade Wall |
| 20:31 | Crear | Villager (Male) |
| 20:33 | Construir | Farm |
| 20:34 | Construir | Farm |
| 20:37 | Construir | Farm |
| 20:40 | Construir | Farm |
| 20:42 | Edad | Edad de los Castillos |
| 20:58 | Crear | Villager (Male) |
| 21:24 | Investigar | Squires |
| 21:25 | Crear | Flemish Militia |
| 21:25 | Crear | Flemish Militia |
| 21:40 | Construir | Farm |
| 22:05 | Construir | Town Center |
| 22:11 | Crear | Villager (Male) |
| 22:13 | Construir | Farm |
| 22:30 | Crear | Villager (Male) |
| 22:39 | Investigar | Horse Collar |
| 22:40 | Crear | Villager (Male) |
| 23:13 | Crear | Flemish Militia |
| 23:13 | Crear | Flemish Militia |
| 23:15 | Construir | House |
| 23:31 | Investigar | Chain Mail Armor |
| 23:33 | Crear | Flemish Militia |
| 23:33 | Crear | Flemish Militia |
| 23:35 | Crear | Villager (Male) |
| 23:36 | Crear | Villager (Male) |
| 23:44 | Construir | Siege Workshop |
| 23:53 | Crear | Flemish Militia |
| 23:55 | Crear | Villager (Male) |
| 23:55 | Crear | Villager (Male) |
| 23:56 | Crear | Villager (Male) |
| 23:57 | Construir | Farm |
| 23:59 | Construir | Farm |
| 24:05 | Construir | Farm |
| 24:06 | Crear | Villager (Male) |
| 24:11 | Construir | Palisade Wall |
| 24:36 | Investigar | Forging |
| 24:41 | Construir | House |
| 24:49 | Construir | House |
| 24:49 | Construir | House |
| 25:04 | Crear | Battering Ram |
| 25:06 | Crear | Villager (Male) |
| 25:07 | Crear | Villager (Male) |
| 25:07 | Crear | Villager (Male) |
| 25:21 | Crear | Villager (Male) |
| 25:26 | Crear | Flemish Militia |
| 25:26 | Crear | Flemish Militia |
| 25:58 | Crear | Villager (Male) |
| 25:58 | Crear | Villager (Male) |
| 26:04 | Crear | Flemish Militia |
| 26:04 | Crear | Flemish Militia |
| 26:11 | Crear | Villager (Male) |
| 26:17 | Construir | House |
| 26:31 | Construir | Farm |
| 26:35 | Crear | Villager (Male) |
| 26:41 | Crear | Villager (Male) |
| 27:22 | Crear | Villager (Male) |
Cronología de la partida
| 6:34 | MooN | MooN · first_building Barracks |
| 9:29 | 北冥有鲲 · wall_segment Palisade Wall x1 |
| 9:31 | MooN | MooN · age_up feudal |
| 9:32 | 北冥有鲲 · wall_segment Palisade Wall x1 |
| 9:42 | 北冥有鲲 · wall_segment Palisade Wall x1 |
| 10:23 | 北冥有鲲 · age_up feudal |
| 12:01 | MooN | MooN · first_building Archery Range |
| 13:56 | 北冥有鲲 · first_building Barracks |
| 14:41 | 北冥有鲲 · first_building Stable |
| 14:51 | 北冥有鲲 · age_up castle |
| 16:15 | MooN | MooN · wall_segment Palisade Wall x1 |
| 16:16 | MooN | MooN · wall_segment Palisade Wall x1 |
| 17:24 | 北冥有鲲 · wall_segment Palisade Wall x1 |
| 17:50 | 北冥有鲲 · first_building Monastery |
| 18:44 | MooN | MooN · wall_segment Palisade Wall x1 |
| 18:48 | MooN | MooN · wall_segment Palisade Wall x1 |
| 19:35 | MooN | MooN · wall_segment Palisade Wall x1 |
| 19:38 | MooN | MooN · wall_segment Palisade Wall x1 |
| 19:46 | MooN | MooN · wall_segment Palisade Wall x1 |
| 19:47 | MooN | MooN · wall_segment Palisade Wall x1 |
| 19:49 | MooN | MooN · wall_segment Palisade Wall x1 |
| 20:13 | MooN | MooN · wall_segment Palisade Wall x1 |
| 20:42 | MooN | MooN · age_up castle |
| 21:44 | MooN | MooN · first_market_sell 100 stone |
| 21:45 | MooN | MooN · first_market_buy 100 wood |
| 22:00 | 北冥有鲲 · first_building Siege Workshop |
| 23:44 | MooN | MooN · first_building Siege Workshop |
| 24:11 | MooN | MooN · wall_segment Palisade Wall x1 |
| 26:40 | 北冥有鲲 · first_building Castle |
| 29:44 | MooN | MooN · first_building Monastery |
| 31:17 | MooN | MooN · first_building Castle |
| 32:41 | 北冥有鲲 · first_building Archery Range |
| 36:19 | 北冥有鲲 · first_market_buy 100 food |
| 36:23 | 北冥有鲲 · first_market_sell 500 wood |
| 39:38 | MooN | MooN · first_building Stable |
| 40:54 | 北冥有鲲 · age_up imperial |
| 42:37 | MooN | MooN · age_up imperial |
| 49:35 | MooN | MooN · resign |
[ ANÁLISIS IA · 1 CRÉDITO ]
¿Qué pasó realmente en esta partida?
Wolo.gg analiza cada decisión: build order, eco, micro, errores típicos por bracket. Análisis personalizado por WhatsApp o Discord en 30 segundos.
Guía civ
Mongoles
Perfil
北冥有鲲